 Dungeon Crawl Stone Soup version 0.28.0-47-ge53b351184 (webtiles) character file.

Game seed: 16427362057437346894

1386 Iusername the Covered (level 8, -5/70 HPs)
             Began as a Minotaur Fighter on May 2, 2022.
             Was a Follower of Dithmenos.
             Succumbed to an orc warrior's poison
             ... on level 6 of the Dungeon.
             The game lasted 00:07:43 (4621 turns).

Iusername the Covered (Minotaur Fighter)            Turns: 4621, Time: 00:07:43

Health: -5/70      AC:  9    Str: 23    XL:     8   Next: 40%
Magic:  7/7        EV: 10    Int:  5    God:    Dithmenos [*.....]
Gold:   92         SH:  0    Dex: 10    Spells: 7/7 levels left

rFire   . . .      SeeInvis .   s - +2 great sword (elec)
rCold   . . .      Faith    .   (shield currently unavailable)
rNeg    . . .      Spirit   .   b - +0 scale mail
rPois   .          Reflect  .   (helmet restricted)
rElec   .          Harm     .   w - +0 cloak
rCorr   .          Rampage  .   (no gloves)
Will    .....                   (no boots)
Stlth   ..........              (no amulet)
HPRegen 0.21/turn               (no ring)
MPRegen 0.10/turn               (no ring)

@: brilliant, lethally poisoned (-5 -> -34), wreathed by umbra
A: horns 2, retaliatory headbutt
a: Renounce Religion


You were on level 6 of the Dungeon.
You worshipped Dithmenos.
Dithmenos was aware of your devotion.
You visited 1 branch of the dungeon, and saw 6 of its levels.

You collected 320 gold pieces.
You spent 228 gold pieces at shops.

Inventory:

Hand Weapons
 s - a +2 great sword of electrocution (weapon)
Armour
 b - a +0 scale mail (worn)
 c - a +0 buckler
 w - a +0 cloak (worn)
Wands
 u - a wand of polymorph (10)
 v - a wand of flame (7)
Scrolls
 a - a scroll of brand weapon {unknown}
 e - 3 scrolls of teleportation
 f - a scroll of vulnerability {unknown}
 k - a scroll of enchant armour {unknown}
 l - a scroll of immolation
 n - 2 scrolls of magic mapping {unknown}
 o - 2 scrolls of holy word
 r - 3 scrolls of amnesia {unknown}
 t - a scroll of identify
Potions
 d - a potion of attraction {unknown}
 g - a potion of heal wounds {unknown}
 h - a potion of curing {unknown}
 i - a potion of resistance {unknown}
 j - a potion of berserk rage {unknown}
 p - a potion of flight {unknown}
 x - a potion of lignification {unknown}


   Skills:
 + Level 6.1 Fighting
 + Level 6.0 Long Blades
 + Level 5.9 Polearms
 + Level 6.7 Armour
 + Level 2.8 Dodging
 + Level 0.6 Stealth
 + Level 5.4 Shields


You had 7 spell levels left.
You didn't know any spells.
Your spell library contained the following spells:

 Spells                   Type           Power      Damage    Failure   Level
 Animate Skeleton         Necr           0%         N/A       77%         1
 Apportation              Tloc           0%         N/A       77%         1
 Foxfire                  Conj/Fire      0%         2x1d4     77%         1
 Summon Small Mammal      Summ           0%         N/A       77%         1
 Portal Projectile        Hex/Tloc       0%         N/A       98%         3
 Sticky Flame             Conj/Fire      0%         2d3       100%        4
 Blade Hands              Tmut           0%         N/A       100%        5
 Excruciating Wounds      Necr           0%         N/A       100%        5
 Fireball                 Conj/Fire      0%         3d3       100%        5
 Iskenderun's Battlesphe  Conj           0%         2d6       100%        5
 Conjure Ball Lightning   Conj/Air       0%         3x3d6     100%        6
 Orb of Destruction       Conj           0%         9d5       100%        7


Dungeon Overview and Level Annotations

Branches:
Dungeon (6/15)             Temple (0/1) D:5

Altars:
Dithmenos
Vehumet
Zin

Shops:
D:5 (


Innate Abilities, Weirdness & Mutations

You have a pair of horns on your head.
You reflexively headbutt those who attack you in melee.


Message History

Unknown command.
You are too confused!
You are too confused!
Unknown command.
You are too confused!
You bump into the rock wall.
The orc warrior hits you with a +1 short sword of venom!
You are poisoned.
You bump into the rock wall.
You feel very sick.
The orc priest mumbles some strange prayers to Beogh against you.
Beogh smites you! The orc warrior closely misses you.
You feel very sick.
You are too injured to fight recklessly!
You barely miss the orc warrior.
You feel sick. The orc warrior barely misses you.
It was a potion of brilliance.
You feel clever all of a sudden.
You feel sick.
The orc warrior hits you with a +1 short sword of venom.
* * * LOW HITPOINT WARNING * * *
You bump into the rock wall.
You feel less confused.
You feel sick.
The orc warrior hits you with a +1 short sword of venom.
* * * LOW HITPOINT WARNING * * *
You closely miss the orc warrior.
You feel sick. The orc warrior barely misses you.
You slash the orc warrior!
The orc warrior is heavily wounded.
You feel sick.
The orc warrior hits you with a +1 short sword of venom.
* * * LOW HITPOINT WARNING * * *
You are more poisoned.
The orc warrior hits you with a +1 short sword of venom!
* * * LOW HITPOINT WARNING * * *
You are more poisoned.
You slash the orc warrior! Your headbutt misses the orc warrior.
The orc warrior is almost dead.
You die...

## #. # ###.### .###
#..... .....
#.##.###.....) ######
#....@oo{.....
####....######.######'###
.........)............#
####....#####...#######
...........##...#
##########.##...#
##########.##...#######
.......................
##.####.....#..........


You could see an orc warrior and an orc priest.

Vanquished Creatures
  Sigmund (D:2)
  2 water moccasins
  An ice beast (D:5)
  3 ogres
  A phantom (D:6)
  A scorpion (D:6)
  A water moccasin zombie (D:5)
  A howler monkey (D:2)
  A bullfrog zombie (D:5)
  2 jellies (D:5)
  An orc priest (D:6)
  2 bullfrog skeletons
  Jessica (D:2)
  A centaur skeleton (D:5)
  An orc wizard (D:4)
  A howler monkey zombie (D:5)
  3 gnolls (D:3)
  4 adders
  2 white imps (D:6)
  3 ufetubi
  An adder skeleton (D:4)
  4 dart slugs
  9 orcs
  7 endoplasms
  A giant cockroach (D:1)
  10 goblins
  11 hobgoblins
  4 jackals (D:1)
  5 kobolds
  3 quokkas
  7 ball pythons
  2 bats (D:3)
  A frilled lizard (D:3)
  6 rats
104 creatures vanquished.

Notes
Turn   | Place    | Note
-------+----------+-------------------------------------------
     0 | D:1      | Iusername the Minotaur Fighter began the quest for the Orb.
     0 | D:1      | Reached XP level 1. HP: 19/19 MP: 0/0
   110 | D:1      | Reached XP level 2. HP: 27/27 MP: 1/1
   119 | D:1      | Found a faded altar of an unknown god.
   471 | D:1      | Reached XP level 3. HP: 25/33 MP: 2/2
   820 | D:2      | Noticed Jessica
   823 | D:2      | Killed Jessica
   950 | D:2      | Noticed Sigmund
   963 | D:2      | Killed Sigmund
   964 | D:2      | Reached skill level 1 in Polearms
   964 | D:2      | Reached skill level 5 in Armour
   964 | D:2      | Reached skill level 1 in Dodging
   964 | D:2      | Reached XP level 4. HP: 41/41 MP: 3/3
   964 | D:2      | Reached XP level 5. HP: 47/47 MP: 4/4
  1533 | D:3      | Reached XP level 6. HP: 55/55 MP: 5/5
  1583 | D:3      | Reached skill level 5 in Fighting
  2117 | D:4      | Found a shadowy altar of Dithmenos.
  2159 | D:4      | Became a worshipper of Dithmenos the Shadowed
  2183 | D:4      | Identified the +5 leather armour of Rideipoi {rF++ Will-
                  | MP-9 Dex+9}
  2224 | D:4      | Found a glowing silver altar of Zin.
  2767 | D:5      | Entered Level 5 of the Dungeon
  2907 | D:5      | Reached XP level 7. HP: 59/61 MP: 6/6
  2925 | D:5      | Found a staircase to the Ecumenical Temple.
  2956 | D:5      | Found Zinuzoluig's Antique Weapon Shoppe.
  2996 | D:5      | Bought a glowing great sword for 228 gold pieces
  3090 | D:5      | Reached skill level 5 in Polearms
  3144 | D:5      | Reached skill level 5 in Shields
  3420 | D:5      | Found a radiant altar of Vehumet.
  3654 | D:6      | Got the Catalogue of Fire
  3797 | D:6      | Reached XP level 8. HP: 70/70 MP: 7/7
  3798 | D:6      | Reached * piety under Dithmenos
  3832 | D:6      | Reached skill level 5 in Long Blades
  4621 | D:6      | Succumbed to an orc warrior's poison

Illustrated notes

Levels and vault maps discovered:
D:1:      moated_graveyard_arrival, layout_basic,
          nicolae_ecumenical_snake_handling, minmay_pentomino_z2
D:2:      layout_basic, uniq_sigmund, uniq_jessica
D:3:      layout_rooms, guppyfry_early_orc_mine
D:4:      layout_basic, mainiacjoe_overflow_cross_hatched,
          general_overflow_altar
D:5:      layout_loops_ring, fiery_altar_vehumet, minmay_temple_entry_mist,
          serial_shops, nicolae_shop_crystal, chequers_serial_rivers_micro_a
D:6:      layout_basic

Skill      XL: |  1  2  3  4  5  6  7  8 |
---------------+-------------------------+-----
Fighting       | 4 5 6 |  6.1
Shields        | 4 5 |  5.4
Armour         | 4 5 6 |  6.7
Long Blades    | 3 4 6 |  6.0
Polearms       | 1 4 5 |  5.9
Dodging        | 1 2 |  2.8
Stealth        | |  0.6

Action                   |  1- 3 |  4- 6 |  7- 9 || total
-------------------------+-------+-------+-------++-------
Melee: Long sword        |    21 |       |       ||    21
       Spear             |    41 |   120 |    18 ||   179
       Headbutt          |     5 |    12 |    14 ||    31
       Great sword       |       |       |    63 ||    63
  Use: Potion            |     1 |       |     2 ||     3
       Scroll            |       |     3 |       ||     3
Armor: Scale mail        |    30 |    26 |    20 ||    76
Dodge: Dodged            |    36 |    30 |    62 ||   128
Block: Buckler           |    14 |    18 |     8 ||    40
